 Dungeon Crawl Stone Soup version 0.31-a0-1178-gc5c9b8f871 (webtiles) character file.

Game seed: 13687607081447445324

61 Maratek the Trooper (level 3, 0/33 HPs)
             Began as a Draconian Fighter on Dec 11, 2023.
             Slain by Natasha (4 damage)
             ... on level 3 of the Dungeon.
             The game lasted 00:01:41 (1693 turns).

Maratek the Trooper (Draconian Fighter)             Turns: 1693, Time: 00:01:41

Health: 0/33       AC:  5    Str: 20    XL:     3   Next: 83%
Magic:  3/3        EV: 12    Int:  8    God:
Gold:   118        SH:  4    Dex: 10    Spells: 2/2 levels left

rFire   . . .        a - +0 war axe
rCold   . . .        b - +0 buckler
rNeg    . . .        (body armour unavailable)
rPois   .            (helmet restricted)
rElec   .            (no cloak)
rCorr   .            (no gloves)
SInv    .            (no boots)
Will    .....        (no amulet)
Stlth   +            (no ring)
HPRegen 0.25/turn    (no ring)
MPRegen 0.08/turn

%: no passive effects
@: slowed, very slow
A: AC +5, unfitting armour, cold-blooded
a: no special abilities


You were on level 3 of the Dungeon.
You visited 1 branch of the dungeon, and saw 3 of its levels.

You collected 118 gold pieces.

Inventory:

Hand Weapons
 a - a +0 war axe (weapon)
Armour
 b - a +0 buckler (worn)
Wands
 l - a wand of iceblast (4)
Scrolls
 d - a scroll of teleportation
 h - a scroll of brand weapon {unknown}
 i - a scroll of fog
Potions
 c - a potion of might
 e - a potion of resistance {unknown}
 f - a potion of attraction
 g - a potion of cancellation {unknown}
 j - a potion of mutation {unknown}
 k - a potion of brilliance {unknown}
 m - a potion of curing {unknown}


   Skills:
 + Level 3.8 Fighting
 + Level 2.7 Axes
 + Level 3.2 Dodging
 + Level 3.5 Shields


You had 2 spell levels left.
You didn't know any spells.
Your spell library contained the following spells:

 Spells                   Type           Power      Damage    Failure   Level
 Magic Dart               Conj           0%         1d3       47%         1
 Searing Ray              Conj           0%         2d4       63%         2
 Fulminant Prism          Conj/Hex       0%         3d5       99%         4
 Summon Forest            Summ/Tloc      0%         N/A       100%        5
 Summon Mana Viper        Hex/Summ       0%         N/A       100%        5
 Summon Cactus Giant      Summ           0%         N/A       100%        6


Dungeon Overview and Level Annotations

Branches:
Dungeon (3/15)

Altars:

Annotations:
D:3 Natasha


Innate Abilities, Weirdness & Mutations

Your plain brown scales are hard. (AC +5)
You cannot fit into any form of body armour.
You are cold-blooded and may be slowed by cold attacks.


Message History

Natasha claws you.
Unknown command.
You are too injured to fight recklessly!
Unknown command.
You are too injured to fight recklessly!
Unknown command.
You are too injured to fight recklessly!
You are too injured to fight recklessly!
You are too injured to fight recklessly!
You are too injured to fight recklessly!
You are too injured to fight recklessly!
You closely miss Natasha.
The ball python hisses angrily.
You tail-slap Natasha, but do no damage.
Natasha is moderately wounded.
Natasha mumbles some strange words.
Natasha barely misses you.
You hit Natasha.
Natasha is heavily wounded.
Natasha claws you. The cerulean imp closely misses you.
Natasha barely misses you.
You closely miss Natasha.
Natasha is heavily wounded.
The cerulean imp hits you but does no damage.
The ball python closely misses you. The ball python grabs you.
The ball python constricts you. Natasha claws you but does no damage.
The cerulean imp closely misses you. The ball python bites you.
* * * LOW HITPOINT WARNING * * *
The ball python constricts you. Natasha claws you but does no damage.
You closely miss Natasha.
Natasha is heavily wounded.
You slash the ball python!
You kill the ball python!
The cerulean imp hits you from afar with a +2 spear.
* * * LOW HITPOINT WARNING * * *
Natasha misses you.
The cerulean imp hits you but does no damage.
Natasha claws you.
You die...
Natasha begins licking her fur clean.

#....#.>...
##....#.....
......<...... #.#
#............###.###
#...................
#...................
#..†)...............
#..@h5..............
#...................
##...#########.......
#...............#.#..
#....##.....###.#....
#...........###.#....
#.....#.....'...#....
#.....#.....##..#....
#...........##..#....


You could see Natasha and a cerulean imp (summoned).

Vanquished Creatures
  An adder (D:2)
  A worm (D:2)
  2 dart slugs
  2 bats
  4 endoplasms
  3 giant cockroaches
  8 goblins
  4 hobgoblins
  6 kobolds
  A quokka (D:2)
  7 ball pythons
  A frilled lizard (D:2)
  4 rats
44 creatures vanquished.

Notes
Turn   | Place    | Note
-------+----------+-------------------------------------------
     0 | D:1      | Maratek the Draconian Fighter began the quest for the Orb.
     0 | D:1      | Reached XP level 1. HP: 19/19 MP: 1/1
   238 | D:1      | Reached XP level 2. HP: 26/26 MP: 2/2
   712 | D:2      | Reached XP level 3. HP: 27/33 MP: 3/3
  1683 | D:3      | Noticed Natasha
  1693 | D:3      | Slain by Natasha

Illustrated notes

Levels and vault maps discovered:
D:1:      onia_arrival_mini_spirals, layout_loops_cross
D:2:      layout_loops_ring, glass_columns_a
D:3:      corexii_shack_village, layout_basic, biasface_ghost_orc_armoury,
          corner_web_ring, uniq_natasha

Skill      XL: |  1  2 |
---------------+-------+-----
Dodging        | 3 |  3.2
Fighting       | |  3.8
Axes           | |  2.7
Shields        | |  3.5

Action                     || total
---------------------------++-------
  Melee: War axe           ||   116
         Tailslap          ||    14
    Use: Scroll            ||     6
   Stab: Sleeping          ||     2
 Armour: Skin              ||    72
  Dodge: Dodged            ||    71
  Block: Buckler           ||    15

Table legend: (Time is in decaauts)
 A = Elapsed time spent in this place.
 B = Non-inter-level travel time spent in this place.
 C = Inter-level travel time spent in this place.
 D = Time resting spent in this place.
 E = Time spent auto-exploring this place.
 F = Levels seen in this place.
 G = Mean time per level.
                   A        B        C        D        E       F      G
               +--------+--------+--------+--------+--------+-----+--------+
         Total |   1744 |   1708 |     36 |      0 |   1382 |   3 |  581.3 |
       Dungeon |   1744 |   1708 |     36 |      0 |   1382 |   3 |  581.3 |
               +--------+--------+--------+--------+--------+-----+--------+

Top non-repeatable levels by time:
     D:2: 825 daAuts
     D:1: 608 daAuts
     D:3: 311 daAuts
